 Dungeon Crawl Stone Soup version 0.18-a0-946-g3ac5b32 (webtiles) character file.

123 JokEr the Skirmisher (level 4, -9/40 HPs)
             Began as a Draconian Fighter on Dec 29, 2015.
             Killed from afar by an orc wizard (12 damage)
             ... with a puff of frost
             ... on level 3 of the Dungeon.
             The game lasted 00:03:20 (2400 turns).

JokEr the Skirmisher (Draconian Fighter)            Turns: 2400, Time: 00:03:21

Health: -9/40      AC:  5    Str: 24    XL:     4   Next: 80%
Magic:  4/4        EV: 10    Int:  9    God:
Gold:   130        SH: 10    Dex: 10    Spells: 0 memorised, 3 levels left

rFire  . . .     SeeInvis .     a - +0 long sword
rCold  . . .     Gourm    .     (armour unavailable)
rNeg   . . .     Faith    .     b - +1 shield
rPois  .         Spirit   .     (helmet restricted)
rElec  .         Dismiss  .     (no cloak)
rCorr  .         Reflect  .     (no gloves)
SustAt .         Harm     .     (no boots)
MR     .....                    (no amulet)
Stlth  +.........               (no ring)
                                (no ring)

@: mighty, not resistant to hostile enchantments, very unstealthy
A: unfitting armour, cold-blooded, AC +5
a: no special abilities


You were on level 3 of the Dungeon.
You were not hungry.

You visited 1 branch of the dungeon, and saw 3 of its levels.

You collected 130 gold pieces.

Inventory:

Hand Weapons
 a - a +0 long sword (weapon)
Armour
 b - a +1 shield (worn)
Scrolls
 f - 2 scrolls of identify
 i - 2 scrolls of blinking
 j - 4 scrolls of amnesia
Potions
 h - a potion of resistance
 n - a potion of magic {unknown}
 o - a potion of curing {unknown}
Books
 m - a Young Poisoner's Handbook

   Spells                             Type                      Level
   a - Sting                          Conjuration/Poison           1
   b - Cure Poison                    Poison                       2
   c - Mephitic Cloud                 Conjuration/Poison/Air       3
   d - Olgreb's Toxic Radiance        Poison                       4
   e - Venom Bolt                     Conjuration/Poison           5
Comestibles
 d - 3 bread rations
 g - a chunk of flesh


   Skills:
 + Level 3.9 Fighting
 + Level 2.9 Long Blades
 + Level 3.7 Dodging
 + Level 0.4 Stealth
 + Level 3.6 Shields


You had 3 spell levels left.
You didn't know any spells.

Dungeon Overview and Level Annotations

Branches:
Dungeon (3/15)

Altars:


Innate Abilities, Weirdness & Mutations

Your plain brown scales are hard (AC +5).
Your body does not fit into most forms of armour.
You are cold-blooded and may be slowed by cold attacks.


Message History

Something hits you but does no damage.
You miss something. You tail-slap something.
Something hits you but does no damage. x2
You closely miss something. Something hits you but does no damage.
Something hits you.
You barely miss something.
You hear some strange, mumbled words.
A puff of frost appears from out of thin air!
The puff of frost hits you!
* * * LOW HITPOINT WARNING * * *
Something hits you.
* * * LOW HITPOINT WARNING * * *
Something hits you.
* * * LOW HITPOINT WARNING * * *
Drink which item? (? for menu, Esc to quit)
You feel very mighty all of a sudden.
You hear some strange, mumbled words.
A puff of frost appears from out of thin air!
The puff of frost hits you!
You die...

#....รท....####.
##.......## ## .
##.....## # ..
##...## # ...
###'####### #
#... ##
##..>......# #
#....#.
#..#######.# #
......o#####..#
#
......o{@...<(#
#.###
############..#
#.... #..# #.###
#..# #..# ##..
##. .


You could see 2 orcs.

Vanquished Creatures
  Jessica (D:2)
  4 adders (D:2)
  An ooze (D:1)
  2 worms (D:2)
  A giant gecko (D:3)
  4 orcs (D:3)
  5 bats
  2 giant cockroaches (D:1)
  8 goblins
  5 hobgoblins
  6 kobolds
  A quokka (D:3)
  A giant newt (D:2)
  6 rats
47 creatures vanquished.

Notes
Turn   | Place    | Note
--------------------------------------------------------------
     0 | D:1      | JokEr the Draconian Fighter began the quest for the Orb.
     0 | D:1      | Reached XP level 1. HP: 19/19 MP: 1/1
   222 | D:1      | Reached XP level 2. HP: 26/26 MP: 2/2
  1108 | D:2      | Reached XP level 3. HP: 21/31 MP: 3/3
  1238 | D:2      | Noticed Jessica
  1245 | D:2      | Killed Jessica
  1369 | D:2      | Reached XP level 4. HP: 40/40 MP: 4/4
  1399 | D:2      | Found a faded altar to an unknown god.
  2400 | D:3      | Killed from afar by an orc wizard

Vault maps used:
D:1:      wheals_arrival_linesprint, hex_medium
D:2:      first_bread, serial_forest, infiniplex_forest_clump_tiny,
          infiniplex_forest_lined_ring, infiniplex_forest_clump_small,
          infiniplex_forest_clump_diagonal, ecumenical_altar_1, uniq_jessica
D:3:      nicolae_ru_great_annihilating_truth, hex_large, minmay_misc_feat_iff,
          uniq_terence

Action                   |  1- 3 |  4- 6 || total
-------------------------+-------+-------++-------
Melee: Long sword        |    69 |   114 ||   183
  Use: Scroll            |     4 |     4 ||     8
       Potion            |       |     1 ||     1
  Eat: Chunk             |     1 |     4 ||     5
